Unix NetHack Version 5.0.0-0 post-release - last build May 23 2026 06:08:33 (1c0ff79ee797540d5714e4e18072db0edd9e58ae,branch:main).

Game began 2026-05-23 13:16:10, ended 2026-05-23 14:07:01.

HaganBacon, lawful female dwarven Valkyrie

                                                ---
     -----  ------                             --.----
     |....---..|.-----                         |.....|
    --.....^......--.--      ---               --...-
   --.................--------.--           ----....|
   |....................|.......----------- |.......|
    -......................--.............| |....--.------
    ---...........(........|-------------.----..--|......|
      |  |.....--.--.......|            |^..---.| ------.--
         |....-----|......--            ---..|..---    |..--
       ----...|    --.....|              ---..G.h.|    --..--
      --.--...--    |-.----             --....G...---   --..------     --
      |.<......--   |...|               |...........|    --......--   -..
      |.........|   --..|             ---.....))....---   ------..|  -..--
     --.........|    ----           - |....G....a...%>|        --.| -....|
    --......|..--                   -........^G..@|...-         |.|-.....-- --
    |......-----                   |.......--...----...-        |.|......%...--
    |......--                      |...---- --..|  --...|       |..*..........|
    --......|                      --.       |.`|   |..--       --...........--
     ----..--                       --       ---    ----         ----- | .| --
        ----                                                             --
HaganBacon the Skirmisher   St:14 Dx:12 Co:18 In:12 Wi:10 Ch:9  Lawful
Dlvl:5  $:23 HP:0(43) Pw:8(8) AC:3  Xp:4 T:1900 

Latest messages:
 It hits!
 You miss it.
 It hits!
 You miss it.
 It hits!
 You miss it.
 It misses!
 You can see again.
 You hit the bugbear!
 The bugbear hits!
 Pick a monster, object or location.
 h        a humanoid (bugbear) [seen: normal vision, infravision]
 You miss the bugbear.
 You hit the bugbear.
 The bugbear turns to flee.
 Pick a monster, object or location.
 h        a humanoid (bugbear) [seen: normal vision, infravision]
 You climb up the stairs.
 The wererat bites!
 You hit the wererat!
 The wererat bites!
 You miss the wererat.
 The wererat misses!
 You kill the wererat!
 You see here a wererat corpse.
 Pick a monster, object or location.
 .        a doorway or the floor of a room or the dark part of a room or ice (floor of a room)
 Pick a monster, object or location.
 ^        a trap (rust trap)
 You can hear again.
 Pick a monster, object or location.
 a        an ant or other insect (giant ant)
 In what direction? 7
 The dagger misses the giant ant.
 You miss the giant ant.
 The giant ant bites!
 The giant ant bites!
 You miss the giant ant.
 The giant ant misses!
 The giant ant bites!
 What do you want to drink? [tEG or ?*] ?
 You suddenly fall asleep!
 The giant ant bites!
 The giant ant bites!
 You die...
 Do you want your possessions identified? [ynq] (y) y
 Do you want to see your attributes? [ynq] (y) y
 Do you want an account of creatures vanquished? [ynaq] (y) n
 Do you want to see your conduct and achievements? [ynq] (y) n
 Do you want to see the dungeon overview? [ynq] (y) n

Inventory:
 Coins    ('$')
  $ - 23 gold pieces
 Weapons  (')')
  m - a +0 arrow
  a - a blessed +1 dwarvish spear (weapon in right hand)
 Armor    ('[')
  H - a blessed +0 orcish helm
  i - an uncursed +0 orcish helm (being worn)
  D - an uncursed +0 orcish helm
  c - an uncursed +3 small shield (being worn)
  y - an uncursed +0 dwarvish cloak
  o - an uncursed +0 leather armor (being worn)
 Comestibles  ('%')
  d - an uncursed food ration
  v - an uncursed lembas wafer
  I - an uncursed sprig of wolfsbane
 Scrolls  ('?')
  p - an uncursed scroll of destroy armor
  F - an uncursed scroll of food detection
 Potions  ('!')
  G - an uncursed potion of confusion
  E - an uncursed potion of gain energy
 Tools    ('(')
  C - an uncursed lock pick
 Gems/Stones  ('*')
  A - an uncursed dilithium crystal
  z - an uncursed jet stone
  s - an uncursed worthless piece of blue glass
  B - an uncursed worthless piece of green glass

HaganBacon the Valkyrie's attributes:

Background:
 You were a Skirmisher, a level 4 dwarven Valkyrie.
 You were lawful, on a mission for Tyr
 who was opposed by Odin (neutral) and Loki (chaotic).
 You were right-handed.
 You were in the Gnomish Mines, on level 5.
 You entered the dungeon 1900 turns ago.
 You had 132 experience points, 28 more were needed to attain level 5.

Basics:
 You had 0 out of 43 hit points.
 You had all 8 energy points (spell power).
 Your armor class was 3.
 Your wallet contained 23 zorkmids.
 Autopickup was on for '$"?!=/' plus thrown.

Final Characteristics:
 Your strength was 14 (limit:18/100).
 Your dexterity was 12 (limit:20).
 Your constitution was 18 (limit:20).
 Your intelligence was 12 (limit:16).
 Your wisdom was 10 (limit:16).
 Your charisma was 9 (limit:16).

Final Status:
 You weren't hungry.
 You were unencumbered.
 You were wielding a spear.
 You had basic skill with spear.

Final Attributes:
 You were devoutly aligned.
 You were cold resistant.
 You had infravision.
 You were stealthy.
 You were warded.
 You are dead.

Miscellaneous:
 You didn't encounter any bones levels.
 Total elapsed playing time was 50 minutes and 27 seconds.

Major events:
 Turn
    1: HaganBacon the lawful dwarven Valkyrie entered the dungeon
  491: attained the rank of Skirmisher (level 3)
 1238: entered the Gnomish Mines
 1755: reached Mine Town
 1900: killed by a giant ant, while sleeping

You didn't know any spells.

Skills:
 Fighting Skills
   bare handed combat [Unskilled]
   two weapon combat  [Unskilled]
   riding             [Unskilled]
 Weapon Skills
   dagger             [Basic]
   axe                [Unskilled]
   pick-axe           [Unskilled]
   short sword        [Unskilled]
   broadsword         [Unskilled]
   long sword         [Unskilled]
   two-handed sword   [Unskilled]
   saber              [Unskilled]
   hammer             [Unskilled]
   quarterstaff       [Unskilled]
   polearms           [Unskilled]
   spear              [Basic]
   trident            [Unskilled]
   lance              [Unskilled]
   sling              [Unskilled]
 Spellcasting Skills
   attack spells      [Unskilled]
   escape spells      [Unskilled]

Voluntary challenges:
 Character rerolling was not enabled.
 You never genocided any monsters.
 You never polymorphed an object.
 You never changed form.
 You used no wishes.
Achievements:
 You entered a shop.
 You attained the rank of Skirmisher.
 You entered the Gnomish Mines.
 You entered Minetown.

 The Dungeons of Doom: levels 1 to 5
    Level 1:
       An altar, some fountains.
    Level 2:
       A scroll shop, some fountains.
    Level 3:
    Level 4:
       A general store, an altar, a fountain.
       Stairs down to The Gnomish Mines.
    Level 5:
 The Gnomish Mines: levels 5 to 7
    Level 5: <- You were here.
       Final resting place for
          you, killed by a giant ant, while sleeping.
    Level 6:
    Level 7:


Vanquished creatures:
  a large mimic
  2 giant ants
  a little dog
  a floating eye
  a kobold shaman
  a wererat
  a werejackal
  2 hobgoblins
  a giant rat
  3 gnomes
  2 garter snakes
  a gecko
  3 jackals
  a fox
  2 goblins
  3 grid bugs
  3 lichens
  a kobold zombie
  9 newts
39 creatures vanquished.

No species were genocided or became extinct.

Game over:
                       ----------
                      /          \
                     /    REST    \
                    /      IN      \
                   /     PEACE      \
                  /                  \
                  |    HaganBacon    |
                  |      23 Au       |
                  |   killed by a    |
                  |    giant ant     |
                  |                  |
                  |                  |
                  |       2026       |
                 *|     *  *  *      | *
        _________)/\\_//(\/(/\)/\//\/|_)_______

Farvel HaganBacon the Valkyrie...

You died in The Gnomish Mines on dungeon level 5 with 1013 points,
and 23 pieces of gold, after 1900 moves.
You were level 4 with a maximum of 43 hit points when you died.

